 Dungeon Crawl Stone Soup version 0.26-a0-520-g952f204493 (webtiles) character file.

Game seed: 11990888695098358012

456 MrRokkomies the Stinger (level 6, -11/45 HPs)
             Began as a Demigod Venom Mage on Aug 12, 2020.
             Mangled by Menkaure (23 damage)
             ... on level 5 of the Dungeon.
             The game lasted 00:14:25 (4904 turns).

MrRokkomies the Stinger (Demigod Venom Mage)        Turns: 4904, Time: 00:14:25

Health: -11/45     AC:  8    Str: 11    XL:     6   Next: 47%
Magic:  11/11      EV: 14    Int: 23    God:
Gold:   286        SH:  5    Dex: 16    Spells: 3/9 levels left

rFire    . . .     SeeInvis .   a - +1 rapier (venom)
rCold    . . .     Faith    .   t - +1 buckler
rNeg     . . .     Spirit   .   o - +0 robe
rPois    .         Reflect  .   g - +2 hat
rElec    .         Harm     .   (no cloak)
rCorr    .                      w - +2 pair of gloves
MR       .....                  p - +0 pair of boots (curse)
Stlth    ++........             n - amulet of regeneration
HPRegen  0.55/turn              (no ring)
MPRegen  0.12/turn              (no ring)

@: mighty
A: high mp 1
a: no special abilities


You were on level 5 of the Dungeon.
You visited 1 branch of the dungeon, and saw 5 of its levels.

You collected 286 gold pieces.

Inventory:

Hand Weapons
 a - a +1 rapier of venom (weapon)
 b - a +0 dagger
Missiles
 h - 10 poisoned darts (quivered)
 k - 52 stones
 q - 2 boomerangs
Armour
 g - a +2 hat (worn)
 o - a +0 robe (worn)
 p - a cursed +0 pair of boots (worn)
 t - a +1 buckler (worn)
 w - a +2 pair of gloves (worn)
Jewellery
 n - an amulet of regeneration (around neck)
Scrolls
 c - 3 scrolls of fog
 e - a scroll of amnesia
 f - a scroll of blinking
 j - 2 scrolls of teleportation
Potions
 l - a potion of flight {unknown}
 m - a potion of heal wounds {unknown}
 r - a potion of brilliance {unknown}
 s - 2 potions of might
 u - 2 potions of curing
 v - a potion of stabbing {unknown}
 z - a potion of mutation {unknown}


   Skills:
 * Level 4.0 Dodging
 - Level 1.7 Stealth
 - Level 1.4 Shields
 + Level 2.0 Spellcasting
 + Level 2.7 Transmutations
 * Level 4.7 Poison Magic


You had 3 spell levels left.
You knew the following spells:

 Your Spells              Type           Power        Failure   Level
a - Sting                 Tmut/Pois      ###.         3%          1
b - Poisonous Vapours     Pois/Air       ##....       10%         2
c - Mephitic Cloud        Conj/Pois/Air  #.......     26%         3

Your spell library contained the following spells:

 Spells                   Type           Power        Failure   Level
 Animate Skeleton         Necr           #.....       17%         1
 Pain                     Necr           #...         17%         1
 Ignite Poison            Fire/Tmut/Pois ##......     19%         3
 Vampiric Draining        Necr           #.........   45%         3
 Olgreb's Toxic Radiance  Pois           ###.....     24%         4
 Animate Dead             Necr           #.........   86%         4
 Agony                    Necr           #.......     99%         5


Dungeon Overview and Level Annotations

Branches:
Dungeon (5/15)
 Temple: D:4-7

Shops:
D:5 (

Annotations:
D:5 Menkaure


Innate Abilities, Weirdness & Mutations

You have an increased reservoir of magic. (+10% MP)


Message History

You are too injured to fight recklessly!
You are too injured to fight recklessly!
You hit Menkaure but do no damage.
Menkaure is moderately damaged.
Menkaure hits you but does no damage.
You hit Menkaure.
Menkaure is heavily damaged.
Menkaure closely misses you.
You hit Menkaure.
Menkaure is heavily damaged.
Menkaure hits you!
* * * LOW HITPOINT WARNING * * *
You barely miss Menkaure.
Menkaure is heavily damaged.
Menkaure misses you.
You hit Menkaure.
Menkaure is severely damaged.
Menkaure hits you!!
Ouch! That really hurt!
You die...

###### .#.#... ....
....... ....
....<......#
##......##..#
#####.......##..#
#.#.#........#.M#
............#@.###.#.
#.##..##+#)#........
#####.................#.
#.........##.#.#..###.#
#.######...#......## #
#.#####.............
.....................
#.#####..##.##..#...#.#
#.## ########..#...# .


You could see Menkaure.

Vanquished Creatures
  A sky beast (D:5)
  A bullfrog skeleton (D:4)
  3 hounds
  An orc priest (D:3)
  An orc wizard (D:3)
  2 worker ants
  2 hound skeletons
  An adder (D:3)
  A shadow imp (D:5)
  An ufetubus (D:5)
  An adder skeleton (D:2)
  2 worms
  A dart slug (D:3)
  2 leopard geckos
  2 orcs
  A bat skeleton (D:2)
  A bat zombie (D:2)
  5 giant cockroaches
  7 goblins
  9 hobgoblins
  4 jackals (D:2)
  3 quokkas
  A ball python skeleton (D:2)
  12 bats
  6 frilled lizards
  A jackal zombie (D:2)
  A leopard gecko skeleton (D:2)
  A quokka zombie (D:5)
  10 rats
84 creatures vanquished.

Notes
Turn   | Place    | Note
-------+----------+-------------------------------------------
     0 | D:1      | MrRokkomies the Demigod Venom Mage began the quest for the
                  | Orb.
     0 | D:1      | Reached XP level 1. HP: 14/14 MP: 5/5
   154 | D:1      | Reached skill level 1 in Transmutations
   569 | D:1      | Reached XP level 2. HP: 20/20 MP: 7/7
  1271 | D:2      | Reached XP level 3. HP: 22/26 MP: 3/8
  2351 | D:2      | Found a stormy altar of Qazlal.
  2570 | D:3      | Found a glowing golden altar of the Shining One.
  2618 | D:3      | Reached XP level 4. HP: 33/33 MP: 9/9
  2973 | D:3      | Reached XP level 5. HP: 24/38 MP: 10/10
  3941 | D:3      | Found a burning altar of Makhleb.
  4054 | D:4      | Reached skill level 1 in Shields
  4356 | D:4      | Found a sacrificial altar of Ru.
  4542 | D:5      | Entered Level 5 of the Dungeon
  4550 | D:5      | Reached XP level 6. HP: 45/45 MP: 11/11
  4561 | D:5      | Found Nemmen's Antique Weapon Emporium.
  4625 | D:5      | Noticed a wyvern
  4701 | D:5      | Learned a level 2 spell: Poisonous Vapours
  4705 | D:5      | Learned a level 3 spell: Mephitic Cloud
  4883 | D:5      | Noticed Menkaure
  4904 | D:5      | Mangled by Menkaure

Illustrated notes

Levels and vault maps discovered:
D:1:      minmay_arrival_split_and_join, layout_loops_ring
D:2:      layout_rooms, lemuel_coloured_pillars_altar, serial_undead,
          serial_undead_b, serial_undead_c, serial_undead_b, serial_undead_d,
          serial_bayou_lagoon_a
D:3:      layout_loops_ring, nicolae_overflow_hidden_temple, lemuel_doored_altar
D:4:      layout_loops_corners, kennysheep_little_box
D:5:      layout_basic, nicolae_overflow_crystal_walls, serial_shops, shop,
          okawaru_altar_gauntlet_db, uniq_menkaure

Skill      XL: |  1  2  3  4  5  6 |
---------------+-------------------+-----
Transmutations | 1 2 |  2.7
Dodging        | 2 3 4 |  4.0
Poison Magic   | 3 4 |  4.7
Shields        | 1 |  1.4
Spellcasting   | 2 |  2.0
Stealth        | |  1.7

Action                   |  1- 3 |  4- 6 || total
-------------------------+-------+-------++-------
Melee: Dagger            |   180 |    97 ||   277
       Rapier            |       |    49 ||    49
 Cast: Sting             |    41 |     1 ||    42
  Use: Scroll            |     2 |    12 ||    14
       Potion            |       |     2 ||     2
 Stab: Sleeping          |     6 |     3 ||     9
Armor: Robe              |    77 |    35 ||   112
Dodge: Dodged            |   178 |    91 ||   269
Block: Buckler           |       |    14 ||    14

Table legend: (Time is in decaauts)
 A = Elapsed time spent in this place.
 B = Non-inter-level travel time spent in this place.
 C = Inter-level travel time spent in this place.
 D = Time resting spent in this place.
 E = Time spent auto-exploring this place.
 F = Levels seen in this place.
 G = Mean time per level.
                   A        B        C        D        E       F      G
               +--------+--------+--------+--------+--------+-----+--------+
         Total |   4924 |   4780 |    144 |    452 |   3461 |   5 |  984.8 |
       Dungeon |   4924 |   4780 |    144 |    452 |   3461 |   5 |  984.8 |
               +--------+--------+--------+--------+--------+-----+--------+

Top non-repeatable levels by time:
     D:2: 1540 daAuts
     D:1: 1040 daAuts
     D:4: 1027 daAuts
     D:3: 947 daAuts
     D:5: 368 daAuts
